 Dungeon Crawl Stone Soup version 0.28-a0-46-g7b1be97da7 (webtiles) character file.

Game seed: 17294358961548232391

1950 Conn the Firebug (level 9, 0/53 HPs)
             Began as an Octopode Fire Elementalist on July 29, 2021.
             Was an Initiate of Sif Muna.
             Killed from afar by an orc wizard (11 damage)
             ... with a magic dart
             ... on level 6 of the Dungeon.
             The game lasted 00:18:39 (7317 turns).

Conn the Firebug (Octopode Fire Elementalist)       Turns: 7317, Time: 00:18:39

Health: 0/53       AC:  1    Str:  7    XL:     9   Next: 18%
Magic:  12/16      EV: 13    Int: 20    God:    Sif Muna [......]
Gold:   195        SH:  8    Dex: 13    Spells: 10/17 levels left

rFire   . . .      SeeInvis .   c - +3 dagger (protect)
rCold   . . .      Faith    .   j - +3 buckler {rN+}
rNeg    + . .      Spirit   .   (helmet restricted)
rPois   .          Reflect  .   (no amulet)
rElec   .          Harm     .   h - ring of willpower
rCorr   .          Rampage  .   (no ring)
Will    +....                   (no ring)
Stlth   ++++......              (no ring)
HPRegen 0.17/turn               (no ring)
MPRegen 0.15/turn               (no ring)
                                (no ring)
                                (no ring)

@: hasted, very quick
A: almost no armour, amphibious, 8 rings, camouflage 1, gelatinous body 1,
(nimble swimmer 1), tentacles
a: Renounce Religion


You were on level 6 of the Dungeon.
You worshipped Sif Muna.
Sif Muna was noncommittal.
You visited 2 branches of the dungeon, and saw 7 of its levels.
You also visited: Sewer.

You collected 195 gold pieces.

Inventory:

Hand Weapons
 c - a +3 dagger of protection (weapon)
 d - a +2 dagger of speed
Armour
 j - a +3 buckler of positive energy (worn)
Jewellery
 h - a ring of willpower (left tentacle)
Wands
 k - a wand of flame (23)
Scrolls
 i - 3 scrolls of fog
 l - 5 scrolls of identify
Potions
 e - 2 potions of curing


   Skills:
 + Level 1.5 Fighting
 + Level 2.6 Short Blades
 + Level 3.1 Dodging
 + Level 5.5 Stealth
 * Level 3.9 Shields
 + Level 4.7 Spellcasting
 * Level 5.4 Conjurations
 * Level 6.6 Fire Magic
 * Level 0.9 Invocations


You had 10 spell levels left.
You knew the following spells:

 Your Spells              Type           Power      Damage    Failure   Level
a - Foxfire               Conj/Fire      100%       2x1d9     1%          1
b - Conjure Flame         Conj/Fire      28%        6-21      3%          3
c - Inner Flame           Hex/Fire       17%        N/A       10%         3

Your spell library contained the following spells:

 Spells                   Type           Power      Damage    Failure   Level
 Shock                    Conj/Air       60%        1d6       4%          1
 Sticky Flame             Conj/Fire      28%        2d5       10%         4
 Mephitic Cloud           Conj/Pois/Air  11%        N/A       17%         3
 Poisonous Vapours        Pois/Air       8%         N/A       19%         2
 Fireball                 Conj/Fire      14%        3d8       28%         5
 Lightning Bolt           Conj/Air       7%         1d20      73%         5
 Shadow Creatures         Summ           N/A        N/A       100%        6
 Haunt                    Necr/Summ      2%         N/A       100%        7


Dungeon Overview and Level Annotations

Branches:
Dungeon (6/15)             Temple (1/1) D:6           Sewer (visited)

Altars:
Ashenzari
Cheibriados
Dithmenos
Elyvilon
Fedhas
Gozag
Hepliaklqana
Makhleb
Nemelex Xobeh
Okawaru
Sif Muna
Trog
Vehumet
Wu Jian
Xom
Yredelemnul
Zin
The Shining One

Shops:
D:4 *

Annotations:
D:5 Pikel


Innate Abilities, Weirdness & Mutations

You cannot wear most types of armour.
You are amphibious.
You can wear up to eight rings at the same time.
Your skin changes colour to match your surroundings (Stealth+).
Your rubbery body absorbs attacks. (AC +1, EV +1)
((You are camouflaged near water. (Stealth+)))
You have tentacles for arms and can constrict up to eight enemies at once.


Message History

The foxfire hits the orc warrior but does no damage.
The orc warrior is severely wounded.
Unknown command.
You closely miss the orc warrior. You grab the orc warrior.
The orc warrior is severely wounded.
You constrict the orc warrior, but do no damage.
The foxfire hits the orc warrior.
The orc warrior is almost dead.
The foxfire hits the orc warrior but does no damage.
The orc warrior is almost dead.
The orc warrior hits you with a +0 flail!
* * * LOW HITPOINT WARNING * * *
An orc comes into view. It is wielding a +0 club.
The foxfire hits the orc warrior but does no damage.
The orc warrior is almost dead.
You release your grip on the orc warrior.
Things that are here:
a +0 club; a gnoll corpse You see here a book of Flames.
Things that are here:
7 poisoned darts; a +0 dagger You see here a +0 whip.
The orc warrior barely misses you.
Found 18 arrows.
You see here 18 arrows.
The orc wizard shouts!
Casting: Foxfire (safe; 1% risk of failure)
Confirm with . or Enter, or press ? or * to list all spells.
Okay, then.
Casting: Foxfire (safe; 1% risk of failure)
Confirm with . or Enter, or press ? or * to list all spells.
Okay, then.
Unknown command.
You feel yourself speed up.
The orc wizard gestures at you while chanting.
The puff of flame hits you!
* * * LOW HITPOINT WARNING * * *
The orc wizard gestures at you while chanting.
The magic dart hits you!
You die...

#.........## ##.. #..........#
###... #....(.....## ###.....
#...........# ###.......
##..........## ###....)(...
##..........## ####.....(.....
##..........####.......:(...##
##......##..#............###
#########..@...o.o....#..###
##........o........# *
##........##....... *
#......###........ * ##.#####
########. * ### ##


You could see an orc warrior, an orc wizard and an orc.

Vanquished Creatures
  Grinder (D:6)
  Sigmund (D:3)
  A steam dragon (D:6)
  Edmund (D:6)
  A sky beast (D:3)
  Purgy (Sewer)
  A black bear (D:5)
  An ogre (D:4)
  3 centaurs
  3 phantoms
  2 lemures (D:4)
  A kobold brigand (D:6)
  A bullfrog (D:6)
  Crazy Yiuf (D:5)
  A bullfrog skeleton (D:4)
  A gnoll shaman (D:6)
  A hound (D:4)
  An orc priest (D:3)
  An iguana (D:6)
  2 orc wizards
  A killer bee zombie (D:6)
  Robin (D:1)
  3 gnolls (D:6)
  A howler monkey skeleton (D:5)
  3 adders
  4 worms
  2 dart slugs
  7 orcs
  9 bats
  5 endoplasms
  A giant cockroach (D:3)
  11 goblins
  11 hobgoblins
  A quokka (D:2)
  7 ball pythons
  2 frilled lizards (D:1)
  11 kobolds
  3 rats (D:1)
109 creatures vanquished.

Vanquished Creatures (collateral kills)
  2 foxfires (D:4)
2 creatures vanquished.

Vanquished Creatures (others)
  375 foxfires
375 creatures vanquished.

Grand Total: 486 creatures vanquished

Notes
Turn   | Place    | Note
-------+----------+-------------------------------------------
     0 | D:1      | Conn the Octopode Fire Elementalist began the quest for the
                  | Orb.
     0 | D:1      | Reached XP level 1. HP: 11/11 MP: 3/3
    82 | D:1      | Got the Handbook of Lightness and the Escort
   195 | D:1      | Reached XP level 2. HP: 17/17 MP: 0/5
  1100 | D:2      | Reached XP level 3. HP: 21/21 MP: 2/6
  1103 | D:2      | Noticed Robin
  1171 | D:1      | Learned a level 3 spell: Conjure Flame
  1312 | D:1      | Killed Robin
  1802 | D:2      | Found a faded altar of an unknown god.
  1872 | D:2      | Reached XP level 4. HP: 27/27 MP: 3/7
  2369 | D:2      | Identified a scroll of acquirement
  2369 | D:2      | Acquired a +2 buckler of positive energy
  2634 | D:2      | Reached skill level 4 in Fire Magic
  2909 | D:3      | Reached XP level 5. HP: 27/31 MP: 8/8
  2919 | D:3      | Noticed Sigmund
  2932 | D:3      | Killed Sigmund
  2933 | D:3      | Reached skill level 1 in Short Blades
  2933 | D:3      | Reached skill level 1 in Shields
  2933 | D:3      | Reached XP level 6. HP: 23/37 MP: 8/10
  2948 | D:3      | Noticed a sky beast
  3219 | D:2      | Learned a level 3 spell: Inner Flame
  3276 | D:3      | Got the Catalogue of the Escort and the Birds
  3329 | D:3      | Found a glowing drain.
  3341 | Sewer    | Entered a sewer
  3405 | Sewer    | Noticed Purgy
  3416 | Sewer    | Killed Purgy
  3567 | D:3      | Killed a sky beast
  3568 | D:3      | Reached XP level 7. HP: 28/42 MP: 1/11
  4360 | D:4      | Reached skill level 1 in Fighting
  4505 | D:4      | Found Syelati's Neck Hole.
  4762 | D:4      | Found a white marble altar of Elyvilon.
  4894 | D:4      | Reached skill level 5 in Stealth
  5174 | D:4      | Reached skill level 5 in Fire Magic
  5278 | D:4      | You fall into a shaft and drop 2 floors!
  5412 | D:6      | Noticed Edmund
  5434 | D:6      | Killed Edmund
  5435 | D:6      | Reached XP level 8. HP: 10/48 MP: 0/13
  5735 | D:6      | Noticed Grinder
  5746 | D:6      | Killed Grinder
  5787 | D:5      | Entered Level 5 of the Dungeon
  5989 | D:5      | Reached skill level 6 in Fire Magic
  6482 | D:5      | Noticed Pikel
  6700 | D:5      | Found a runed translucent door.
  6701 | D:5      | Noticed Crazy Yiuf
  6708 | D:5      | Killed Crazy Yiuf
  6835 | D:6      | Reached skill level 5 in Conjurations
  6835 | D:6      | Reached XP level 9. HP: 53/53 MP: 8/15
  6912 | D:6      | Found a staircase to the Ecumenical Temple.
  6918 | Temple   | Entered the Ecumenical Temple
  7017 | Temple   | Became a worshipper of Sif Muna the Loreminder
  7317 | D:6      | Killed from afar by an orc wizard

Illustrated notes

Levels and vault maps discovered:
D:1:      dpeg_arrival_water_temple_mockup, layout_basic,
          chequers_serial_rivers_large_a
D:2:      layout_basic, basic_ecumenical_altar, uniq_robin
D:3:      layout_loops_ring, cheibrodos_sewer_entry_sluice, minmay_statues_item,
          minmay_misc_feat_doors, uniq_sigmund
D:4:      layout_basic, nicolae_elyvilon_peaceful_grove, grunt_ministairs_5,
          nicolae_shop_sticking_my_neck_out
D:5:      layout_basic, uniq_crazy_yiuf_cottage, uniq_pikel
D:6:      layout_cave_pods, grunt_qazlal_clouds, temple_green,
          uniq_prince_ribbit1, uniq_edmund, uniq_grinder
Temple:   minmay_temple_bridge_d

Skill      XL: |  1  2  3  4  5  6  7  8 |
---------------+-------------------------+-----
Stealth        | 3 4 5 |  5.5
Fire Magic     | 4 5 6 |  6.6
Short Blades   | 1 2 |  2.6
Shields        | 1 2 3 |  3.9
Conjurations   | 2 3 5 |  5.4
Spellcasting   | 3 4 |  4.7
Fighting       | 1 |  1.5
Dodging        | 3 |  3.1
Invocations    | |  0.9

Action                   |  1- 3 |  4- 6 |  7- 9 || total
-------------------------+-------+-------+-------++-------
Melee: Unarmed           |     2 |       |       ||     2
       Constrict         |    10 |     8 |    13 ||    31
       Tentacles         |     5 |     5 |    13 ||    23
       Dagger            |    22 |    73 |    68 ||   163
 Cast: Foxfire           |    44 |    37 |   145 ||   226
       Conjure Flame     |       |     2 |     3 ||     5
Evoke: Wand              |       |     1 |       ||     1
  Use: Potion            |       |     4 |     4 ||     8
       Scroll            |       |     1 |    10 ||    11
 Stab: Sleeping          |       |    14 |     5 ||    19
Armor: Skin              |    14 |    15 |    32 ||    61
Dodge: Dodged            |    27 |    12 |    26 ||    65
Block: Buckler           |       |    10 |    36 ||    46

Table legend: (Time is in decaauts)
 A = Elapsed time spent in this place.
 B = Non-inter-level travel time spent in this place.
 C = Inter-level travel time spent in this place.
 D = Time resting spent in this place.
 E = Time spent auto-exploring this place.
 F = Levels seen in this place.
 G = Mean time per level.
                   A        B        C        D        E       F      G
               +--------+--------+--------+--------+--------+-----+--------+
         Total |   7290 |   6975 |    315 |    932 |   4482 |   8 |  911.2 |
       Dungeon |   6967 |   6724 |    243 |    932 |   4398 |   6 | 1161.2 |
        Temple |    171 |     99 |     72 |      0 |     84 |   1 |  171.0 |
         Sewer |    150 |    150 |      0 |      0 |      0 |   1 |  150.0 |
               +--------+--------+--------+--------+--------+-----+--------+

Top non-repeatable levels by time:
     D:1: 1697 daAuts
     D:2: 1437 daAuts
     D:4: 1213 daAuts
     D:3: 1042 daAuts
     D:6: 846 daAuts
     D:5: 731 daAuts
  Temple: 171 daAuts
   Sewer: 150 daAuts
